 Dungeon Crawl Stone Soup version 0.14.0-26-g1682e81 (webtiles) character file.

8719 Maka the Carver (level 11, -3/92 HPs)
             Began as a Deep Dwarf Fighter on Apr 26, 2014.
             Was an Elder of Makhleb.
             Shot with an arrow by a centaur warrior (28 damage)
             ... on Level 12 of the Dungeon.
             The game lasted 00:39:05 (7275 turns).

Maka the Carver (Deep Dwarf Fighter)                Turns: 7275, Time: 00:39:06

HP  -3/92        AC 12     Str 20      XL: 11   Next:  5%
MP  12/12        EV  8     Int  8      God: Makhleb [****..]
Gold 628         SH 23     Dex 14      Spells:  0 memorised, 10 levels left

rFire  + + .     SeeInvis .     a - +0,+1 long sword
rCold  + . .     Clarity  .     F - +2 ring mail {rF+}
rNeg   + . .     Conserve +     c - +0 shield
rPois  +         rCorr    .     s - +0 helmet
rElec  .         rRot     .     m - +1 ratskin cloak {rPois rN+ Dex-1 Int-1}
SustAb . .       Spirit   .     (no gloves)
rMut   .         Warding  .     (no boots)
Saprov . . .     Stasis   .     H - amulet of conservation
MR     +....                    u - ring of protection from fire
                                q - ring of protection from cold

@: non-regenerating, somewhat resistant to hostile enchantments, very unstealthy
A: damage resistance, recharge devices, sense surroundings 2, slow healing 3
a: Device Recharging, Minor Destruction, Lesser Servant of Makhleb, Major
Destruction, Renounce Religion


You were on level 12 of the Dungeon.
You worshipped Makhleb.
Makhleb was greatly pleased with you.
You were not hungry.

You visited 3 branches of the dungeon, and saw 13 of its levels.
You also visited: Ossuary.

You collected 723 gold pieces.
You spent 95 gold pieces at shops.

Inventory:

Hand weapons
 a - a +0,+1 long sword (weapon)
 b - a +0,+0 long sword
 p - a +0,+1 whip of electrocution
 K - a +2,+3 great sword of freezing
Missiles
 x - 2 tomahawks (quivered)
 L - a throwing net
Armour
 c - a +0 shield (worn)
 m - the +1 ratskin cloak (worn) {rPois rN+ Dex-1 Int-1}
   (You found it on level 1 of the Lair of Beasts)

   It affects your intelligence (-1).
   It affects your dexterity (-1).
   It protects you from poison.
   It protects you from negative energy.
 s - a +0 helmet (worn)
 F - a +2 ring mail of fire resistance (worn)
Magical devices
 d - a wand of heal wounds (8)
 e - a wand of fire (6)
 t - a wand of slowing (8)
 J - a wand of draining (4)
Comestibles
 f - 5 bread rations
 k - 4 meat rations
 N - a royal jelly
Scrolls
 l - 2 scrolls of fear
 n - 5 scrolls of identify
 o - 2 scrolls of teleportation
 r - a scroll of blinking
 y - a scroll of enchant weapon II
 G - 2 scrolls of remove curse
Jewellery
 q - a ring of protection from cold (left hand)
 u - a ring of protection from fire (right hand)
 v - a cursed ring of magical power
 w - an uncursed ring of flight
 z - a cursed ring of invisibility
 H - an amulet of conservation (around neck)
Potions
 g - 4 potions of restore abilities
 h - a potion of might
 i - 4 potions of curing
 j - a potion of lignification
 A - a potion of resistance
 B - 2 potions of brilliance
 C - 2 potions of flight
 D - a potion of agility
 E - a potion of haste
 M - a potion of magic
Books
 I - a book of Envenomations

   Spells                             Type                      Level
   Spider Form                        Transmutation/Poison         3
   Poison Weapon                      Charms/Poison                3
   Alistair's Intoxication            Transmutation/Poison         4
   Olgreb's Toxic Radiance            Poison                       4
   Poisonous Cloud                    Conjuration/Poison/Air       6


   Skills:
 - Level 4.0 Fighting
 + Level 13.3 Long Blades
 - Level 8.2 Armour
 - Level 8.0 Shields
 - Level 3.0 Invocations


You had 10 spell levels left.
You didn't know any spells.

Dungeon Overview and Level Annotations

Branches:
Dungeon (12/15)            Temple (1/1) D:7            Lair (1/8) D:9
    Orc: D:9-12

Altars:
Ashenzari
Cheibriados
Elyvilon
Fedhas
Kikubaaqudgha
Makhleb
Nemelex Xobeh
Okawaru
Sif Muna
Xom

Shops:
D:4 !   D:9 ?

Annotations:
D:5 Prince Ribbit


Innate Abilities, Weirdness & Mutations

You are resistant to damage.
You can recharge devices by infusing magical energy.
You passively map the area around you.
You do not heal naturally.


Message History

an arrow; a dagger; a robe; a dagger; a robe Use which ability? (? or * to list) Charge which item? (? for menu, Esc to quit)
Your wand of heal wounds (4) glows for a moment and now has 9 charges.
Evoke which item? (* to show all) (? for menu, Esc to quit)
Zapping:
d - a wand of heal wounds (9)
Press: ? - help, Shift-Dir - straight line, f - you You feel much better.
This wand has 8 charges left.
Things that are here:
a flail; a ring mail
n - 5 scrolls of identify (gained 1)
You see here 3 arrows.
Found a scroll of teleportation.
A centaur warrior comes into view.
The centaur warrior shouts!
The centaur warrior wields a longbow.
The centaur warrior shoots an arrow.
The arrow hits you!
* * * LOW HITPOINT WARNING * * *
The centaur warrior shoots an arrow.
The arrow hits you!
You die...

(.#........... . , *
###..(.......[#..#.#,* , ,
...(##...#.........# , ,
.#.................###. ,
........................ ,
....................#... ,
, ....###.........#.......
, ,
................#?......c,,
.#..............@...#... ,
,,
.........................
....###.....#....#...... ,
.#..###..#.......#..##.. ,
...................... .
####################### **
*


You could see a centaur warrior.

Vanquished Creatures
  An elephant (D:9)
  A spiny frog (D:9)
  A hill giant (D:8)
  A two-headed ogre (D:8)
  The ghost of Gravenous the Ruffian, an average TrMo (Ossuary)
  A wyvern (D:8)
  14 yaks (D:9)
  A wraith (D:9)
  2 hippogriffs
  A hill giant skeleton (D:9)
  Menkaure (D:7)
  A porcupine (Lair:1)
  2 water moccasins
  3 phantoms
  4 ogres
  3 ice beasts
  9 centaurs
  Sigmund (D:2)
  2 crocodiles (D:8)
  A giant slug (D:9)
  Blork the orc (D:9)
  5 giant frogs
  4 killer bees (D:7)
  A hippogriff skeleton (D:10)
  5 crimson imps
  A gnoll shaman (D:9)
  2 orc priests
  4 worker ants
  6 orc wizards
  6 hounds
  Jessica (D:2)
  2 big kobold zombies (Ossuary)
  2 sheep (D:9)
  A crocodile skeleton (D:9)
  10 mummies (Ossuary)
  An orc skeleton (D:4)
  A scorpion zombie (D:9)
  7 adders
  8 gnolls
  A shadow imp (D:7)
  3 worms
  6 giant eyeballs
  8 giant geckos
  An ooze (D:4)
  21 orcs
  12 bats
  4 giant cockroaches
  4 gnoll zombies
  10 hobgoblins
  2 jackals (D:8)
  2 quokkas
  3 ball pythons
  12 giant newts
  8 goblins
  2 hobgoblin zombies (Ossuary)
  19 kobolds
  A kobold zombie (Ossuary)
  2 quokka zombies
  14 rats
  A rat zombie (D:7)
255 creatures vanquished.

Notes
Turn   | Place    | Note
--------------------------------------------------------------
     0 | D:1      | Maka, the Deep Dwarf Fighter, began the quest for the Orb.
     0 | D:1      | Reached XP level 1. HP: 20/20 MP: 1/1
   295 | D:1      | Reached XP level 2. HP: 18/27 MP: 2/2
   645 | D:2      | Noticed Sigmund
   673 | D:2      | Killed Sigmund
   673 | D:2      | Reached skill level 5 in Armour
   673 | D:2      | Reached XP level 3. HP: 22/33 MP: 3/3
   673 | D:2      | Reached XP level 4. HP: 26/40 MP: 4/4
   852 | D:2      | Noticed Jessica
   866 | D:2      | Killed Jessica
  1428 | D:3      | Reached XP level 5. HP: 40/46 MP: 4/4
  1970 | D:4      | Found Skaeh's Distillery.
  1981 | D:4      | Bought a potion of paralysis for 10 gold pieces
  1981 | D:4      | Bought a potion of agility for 25 gold pieces
  1981 | D:4      | Bought a potion of heal wounds for 30 gold pieces
  1981 | D:4      | Bought a potion of heal wounds for 30 gold pieces
  2058 | D:4      | Reached skill level 5 in Long Blades
  2058 | D:4      | Reached XP level 6. HP: 34/55 MP: 5/5
  2413 | D:4      | Paralysed by a giant eyeball for 2 turns
  2422 | D:4      | Paralysed by a giant eyeball for 3 turns
  2480 | D:4      | Reached skill level 6 in Long Blades
  2551 | D:5      | Entered Level 5 of the Dungeon
  2551 | D:5      | Noticed Prince Ribbit
  2608 | D:4      | Reached XP level 7. HP: 28/61 MP: 6/6
  2742 | D:4      | Reached skill level 7 in Long Blades
  2989 | D:6      | Found a sand-covered staircase.
  2997 | Ossuary  | Entered an ossuary
  3010 | Ossuary  | Reached skill level 8 in Long Blades
  3088 | Ossuary  | Noticed Gravenous' ghost (average TrMo)
  3105 | Ossuary  | Killed Gravenous' ghost
  3105 | Ossuary  | Reached XP level 8. HP: 41/72 MP: 7/7
  3601 | D:6      | Reached skill level 9 in Long Blades
  3878 | D:7      | Found a staircase to the Ecumenical Temple.
  3888 | Temple   | Entered the Ecumenical Temple
  3902 | Temple   | Became a worshipper of Makhleb the Destroyer
  3996 | D:7      | Reached skill level 5 in Shields
  4454 | D:7      | Noticed Menkaure
  4472 | D:7      | Killed Menkaure
  4472 | D:7      | Reached skill level 10 in Long Blades
  4603 | D:7      | Paralysed by a giant eyeball for 2 turns
  4625 | D:7      | Acquired Makhleb's first power
  4625 | D:7      | Gained mutation: You passively map the area around you. [level up]
  4625 | D:7      | Reached XP level 9. HP: 19/78 MP: 7/7
  4633 | D:7      | Found a shimmering altar of Xom.
  4633 | D:7      | Found a shimmering altar of Xom.
  4636 | D:7      | Found a shimmering altar of Xom.
  4636 | D:7      | Found a shimmering altar of Xom.
  4636 | D:7      | Found a shimmering altar of Xom.
  4636 | D:7      | Found a shimmering altar of Xom.
  5045 | D:8      | Found a blossoming altar of Fedhas.
  5066 | D:8      | Paralysed by a giant eyeball for 3 turns
  5226 | D:8      | Reached skill level 11 in Long Blades
  5264 | D:8      | Acquired Makhleb's second power
  5391 | D:8      | Noticed a hill giant
  5402 | D:8      | Killed a hill giant
  5547 | D:8      | Paralysed by a giant eyeball for 3 turns
  5553 | D:8      | Paralysed by a giant eyeball for 3 turns
  5720 | D:9      | Found a sparkling altar of Nemelex Xobeh.
  5739 | D:9      | Identified a scroll of acquirement
  5786 | D:9      | Reached XP level 10. HP: 31/85 MP: 8/8
  5789 | D:9      | Reached skill level 12 in Long Blades
  5951 | D:9      | Acquired Makhleb's third power
  5991 | D:9      | Noticed Blork the orc
  6026 | D:9      | Killed Blork the orc
  6026 | D:9      | Reached skill level 13 in Long Blades
  6211 | D:9      | Found Ynualec's Magic Scroll Emporium.
  6289 | D:9      | Noticed an elephant
  6289 | D:9      | Found a staircase to the Lair.
  6350 | D:9      | Killed an elephant
  6515 | Lair:1   | Entered Level 1 of the Lair of Beasts
  6586 | D:9      | HP: 3/85 [spiny frog (15)]
  6723 | D:9      | Acquired Makhleb's fourth power
  6734 | D:10     | Entered Level 10 of the Dungeon
  6758 | D:9      | Reached skill level 1 in Invocations
  6785 | D:10     | Noticed a hill giant
  7066 | D:10     | You fall through a shaft for 2 floors!
  7160 | D:12     | Reached XP level 11. HP: 53/92 MP: 13/13
  7275 | D:12     | Noticed a centaur warrior
  7275 | D:12     | Shot with an arrow by a centaur warrior

Action                   |  1- 3 |  4- 6 |  7- 9 | 10-12 || total
-------------------------+-------+-------+-------+-------++-------
Melee: Long sword        |    81 |   281 |   529 |   356 ||  1247
       Great sword       |       |       |    12 |    32 ||    44
Throw: Javelin           |       |       |     4 |       ||     4
       Tomahawk          |       |       |     7 |       ||     7
 Abil: Device Recharging |       |     1 |     1 |     3 ||     5
Evoke: Wand              |     3 |     1 |    17 |    11 ||    32
  Use: Scroll            |     2 |    10 |    13 |     1 ||    26
       Potion            |     3 |     1 |    13 |     4 ||    21
 Stab: Invisible         |       |       |       |     2 ||     2
